 Dungeon Crawl Stone Soup version 0.29-a0-872-g797fff5ad1 (webtiles) character file.

Game seed: 246838996478567430

271 PentaManta the Changer (level 6, -6/43 HPs)
             Began as a Merfolk Transmuter on July 18, 2022.
             Mangled by Edmund
             ... wielding a +3 vorpal dire flail
              (11 damage)
             ... on level 4 of the Dungeon.
             The game lasted 00:10:39 (3712 turns).

PentaManta the Changer (Merfolk Transmuter)         Turns: 3712, Time: 00:10:40

Health: -6/43      AC:  2    Str: 10    XL:     6   Next: 23%
Magic:  7/10       EV: 20    Int: 15    God:
Gold:   172        SH:  0    Dex: 19    Spells: 5/11 levels left

rFire   . . .      SeeInvis .     - Unarmed
rCold   . . .      Faith    .   (shield currently unavailable)
rNeg    . . .      Spirit   .   (body armour currently unavailable)
rPois   x          Reflect  .   (helmet currently unavailable)
rElec   .          Harm     .   (cloak currently unavailable)
rCorr   .          Rampage  .   (gloves currently unavailable)
Will    .....                   (boots currently unavailable)
Stlth   ++........              (no amulet)
HPRegen 0.14/turn               (no ring)
MPRegen 0.12/turn               (no ring)

@: lethally poisoned (-6 -> -8), spider-form (expiring)
A: venomous fangs, tiny, (nimble swimmer 2), (mertail)
a: End Transformation


You were on level 4 of the Dungeon.
You were a venomous arachnid creature.
You visited 1 branch of the dungeon, and saw 4 of its levels.

You collected 172 gold pieces.

Inventory:

Missiles
 h - 6 poisoned darts
 i - 2 curare-tipped darts
 p - 4 javelins
 s - 2 silver boomerangs
Armour
 a - a +0 robe (melded)
 c - a +0 pair of gloves (melded)
 q - a +0 pair of boots (melded)
Wands
 v - a wand of acid (6)
 x - a wand of paralysis (5)
Scrolls
 b - a scroll of poison {unknown}
 e - 5 scrolls of identify {unknown}
 f - 4 scrolls of teleportation {unknown}
 j - a scroll of enchant weapon {unknown}
 l - a scroll of amnesia {unknown}
 m - a scroll of vulnerability {unknown}
 u - a scroll of noise {unknown}
Potions
 d - a potion of haste {unknown}
 g - 3 potions of magic {unknown}
 k - a potion of heal wounds {unknown}
 n - a potion of resistance {unknown}
 o - 6 potions of curing {unknown}
 r - a potion of flight {unknown}
 t - 2 potions of mutation {unknown}
 w - a potion of might {unknown}


   Skills:
 - Level 1.3 Fighting
 - Level 2.9 Dodging
 - Level 3.2 Unarmed Combat
 - Level 3.0 Spellcasting
 + Level 7.5 Transmutations


You had 5 spell levels left.
You knew the following spells:

 Your Spells              Type           Power      Damage    Failure   Level
a - Beastly Appendage     Tmut           48%        N/A       4%          1
b - Wereblood             Tmut           24%        N/A       6%          2
c - Spider Form           Tmut/Pois      13%        N/A       30%         3

Your spell library contained the following spells:

 Spells                   Type           Power      Damage    Failure   Level
 Ice Form                 Ice/Tmut       13%        N/A       61%         4
 Confusing Touch          Hex            2%         N/A       73%         3
 Yara's Violent Unravell  Hex/Tmut       6%         3d5       89%         5
 Enfeeble                 Hex            1%         N/A       100%        7


Dungeon Overview and Level Annotations

Branches:
Dungeon (4/15)
 Temple: D:4-7

Altars:
Dithmenos
Elyvilon
Zin
The Shining One

Annotations:
D:4 Edmund


Innate Abilities, Weirdness & Mutations

You are a venomous arachnid creature.
You have poisonous fangs.
You are tiny and dextrous.
Your spellcasting is less reliable in this form.
Your armour is entirely melded.
You are incapable of wielding weapons or throwing items.
((You are very nimble when in or above water. (Stealth+, EV+, Speed+++)))
((Your lower body shifts to a powerful aquatic tail in water.))


Message History

Edmund closely misses you.
The hobgoblin shouts!
You hit Edmund.
Edmund looks as sick as possible!
Edmund is moderately wounded.
Edmund hits you with a +3 vorpal dire flail!
The scorpion stings you.
You are poisoned.
The scorpion poisons you!
You feel very sick. Edmund closely misses you.
You hit Edmund.
Edmund looks as sick as possible!
Edmund is moderately wounded.
You feel very sick. The scorpion misses you. Edmund closely misses you.
You hit Edmund.
Edmund looks as sick as possible!
Edmund is heavily wounded.
You feel very sick. The scorpion completely misses you. Edmund misses you.
You bite the scorpion!
The scorpion is heavily wounded.
You feel sick. The scorpion stings you.
* * * LOW HITPOINT WARNING * * *
Edmund completely misses you. The scorpion barely misses you.
You hit the scorpion but do no damage.
The scorpion is poisoned.
The scorpion is heavily wounded.
* * * LOW HITPOINT WARNING * * *
You feel sick. Edmund misses you. The scorpion misses you.
You feel sick.
You feel sick.
You hit the scorpion but do no damage.
The scorpion looks as sick as possible!
The scorpion is almost dead.
Your transformation is almost over.
You feel sick.
You kill the scorpion!
You have reached level 6!
You hit Edmund.
Edmund looks as sick as possible!
Edmund is severely wounded.
You feel sick.
Edmund hits you with a +3 vorpal dire flail!
You die...

........# #. ##
..).....+ #. # ..#
........##+###.#.#..##
#.....# ..#....#
#.)...# #......#
#.....###..g...#
#.<...#..g#....#
#.....#..@# ...# ..#
#.....#..s# ..# ...
#.....#...# .# ...
#.....#...# # ...
#.....#...# ...
#...[.#...# #.
#.....'...# #.
#.....#...# #.
#.....#...# #.
#.....+...# #.


You could see Edmund (extremely poisoned) and a hobgoblin.

Vanquished Creatures
  A scorpion (D:4)
  A wight (D:4)
  Ijyb (D:4)
  An orc wizard (D:3)
  5 adders
  A worm (D:2)
  2 dart slugs
  6 orcs (D:3)
  9 ball pythons
  11 bats
  5 endoplasms
  2 giant cockroaches
  4 goblins
  2 hobgoblins (D:3)
  A kobold (D:1)
  2 quokkas
  2 frilled lizards
  4 rats
60 creatures vanquished.

Notes
Turn   | Place    | Note
-------+----------+-------------------------------------------
     0 | D:1      | PentaManta the Merfolk Transmuter began the quest for the
                  | Orb.
     0 | D:1      | Reached XP level 1. HP: 15/15 MP: 3/3
    47 | D:1      | Reached skill level 3 in Transmutations
   470 | D:1      | Reached XP level 2. HP: 21/21 MP: 3/5
   488 | D:1      | Learned a level 2 spell: Wereblood
   767 | D:1      | Found a faded altar of an unknown god.
   872 | D:1      | Reached skill level 4 in Transmutations
  1265 | D:2      | Reached XP level 3. HP: 26/26 MP: 3/6
  1279 | D:2      | Learned a level 3 spell: Spider Form
  1709 | D:2      | Reached skill level 5 in Transmutations
  2220 | D:3      | Reached XP level 4. HP: 31/32 MP: 5/7
  2826 | D:3      | Reached XP level 5. HP: 31/37 MP: 1/9
  2833 | D:3      | Reached skill level 6 in Transmutations
  3041 | D:3      | Found a white marble altar of Elyvilon.
  3041 | D:3      | Found a glowing golden altar of the Shining One.
  3041 | D:3      | Found a glowing silver altar of Zin.
  3267 | D:4      | Found a shadowy altar of Dithmenos.
  3448 | D:4      | Noticed a lemure
  3511 | D:4      | Noticed Ijyb
  3518 | D:4      | Paralysed by Ijyb for 5 turns
  3533 | D:4      | Paralysed by Ijyb for 3 turns
  3536 | D:4      | Killed Ijyb
  3537 | D:4      | Reached skill level 7 in Transmutations
  3699 | D:4      | Noticed Edmund
  3712 | D:4      | Reached XP level 6. HP: 6/43 MP: 7/10
  3712 | D:4      | Mangled by Edmund

Illustrated notes

Levels and vault maps discovered:
D:1:      amcnicky_arrival_double_pillar, layout_basic,
          dreamdust_ecumenical_altar_angels_and_demons
D:2:      layout_rooms, grunt_decor_one_mirror, grunt_decor_clamped
D:3:      layout_basic, good_gods_mini_temple
D:4:      layout_gridville, mainiacjoe_overflow_six_doors_small,
          mainiacjoe_overflow_tiny_flanked, hangedman_decor_slide_cut,
          nicolae_inconvenience_store, uniq_ijyb, uniq_pikel, uniq_edmund

Skill      XL: |  1  2  3  4  5 |
---------------+----------------+-----
Transmutations | 3 4 5 7 |  7.5
Spellcasting   | 3 |  3.0
Fighting       | |  1.3
Dodging        | |  2.9
Unarmed Combat | |  3.2

Action                   |  1- 3 |  4- 6 || total
-------------------------+-------+-------++-------
Melee: Unarmed           |   103 |   110 ||   213
       Headbutt          |    12 |     2 ||    14
       Punch             |     3 |       ||     3
 Cast: Beastly Appendage |    17 |    11 ||    28
       Wereblood         |     1 |     1 ||     2
       Spider Form       |     1 |     6 ||     7
  Use: Potion            |       |     1 ||     1
 Stab: Sleeping          |     1 |       ||     1
Armor: Robe              |    24 |    13 ||    37
       Skin              |       |     5 ||     5
Dodge: Dodged            |    68 |    73 ||   141

Table legend: (Time is in decaauts)
 A = Elapsed time spent in this place.
 B = Non-inter-level travel time spent in this place.
 C = Inter-level travel time spent in this place.
 D = Time resting spent in this place.
 E = Time spent auto-exploring this place.
 F = Levels seen in this place.
 G = Mean time per level.
                   A        B        C        D        E       F      G
               +--------+--------+--------+--------+--------+-----+--------+
         Total |   3698 |   3641 |     57 |    681 |   2259 |   4 |  924.5 |
       Dungeon |   3698 |   3641 |     57 |    681 |   2259 |   4 |  924.5 |
               +--------+--------+--------+--------+--------+-----+--------+

Top non-repeatable levels by time:
     D:1: 1185 daAuts
     D:3: 1095 daAuts
     D:2: 894 daAuts
     D:4: 523 daAuts
